 Dungeon Crawl Stone Soup version 0.30-a0-632-g346586fe48 (webtiles) character file.

Game seed: 2290353076477591005

662 bande the Covered (level 7, 0/44 HPs)
             Began as a Gargoyle Fighter on Jan 14, 2023.
             Slain by an adder (1 damage)
             ... on level 4 of the Dungeon.
             The game lasted 00:05:01 (3138 turns).

bande the Covered (Gargoyle Fighter)                Turns: 3138, Time: 00:05:02

Health: 0/44       AC:  9    Str: 19    XL:     7   Next: 56%
Magic:  7/7        EV:  9    Int:  9    God:
Gold:   267        SH:  5    Dex: 11    Spells: 6/6 levels left

rFire   . . .      SeeInvis .    a - +0 war axe (freeze)
rCold   . . .      Faith    .    c - +0 buckler
rNeg    + . .      Spirit   .    b - +0 scale mail
rPois   ∞          Reflect  .    (no helmet)
rElec   +          Harm     .    i - +0 cloak
rCorr   .          Rampage  .    (no gloves)
Will    .....                    (no boots) Stlth
                                 (no amulet)
HPRegen 0.27/turn                (no ring)
MPRegen 0.10/turn                (no ring)

@: corroded
A: sickness immunity, AC +4, negative energy resistance 1, electricity
resistance, torment resistance 1, petrification resistance
a: no special abilities


You were on level 4 of the Dungeon.
You visited 1 branch of the dungeon, and saw 5 of its levels.

You collected 267 gold pieces.

Inventory:

Hand Weapons
 a - a +0 war axe of freezing (weapon)
 h - a +0 flail
Armour
 b - a +0 scale mail (worn)
 c - a +0 buckler (worn)
 i - a +0 cloak (worn)
Scrolls
 e - 2 scrolls of identify
 f - a scroll of fog
 k - a scroll of enchant weapon {unknown}
Potions
 d - 3 potions of might
 g - 2 potions of curing
 j - a potion of ambrosia


   Skills:
 + Level 4.7 Fighting
 + Level 5.2 Axes
 + Level 5.5 Armour
 - Level 0.1 Stealth
 + Level 4.5 Shields


You had 6 spell levels left.
You didn't know any spells.
Your spell library was empty.

Dungeon Overview and Level Annotations

Branches:
Dungeon (5/15)
 Temple: D:4-7

Altars:
Kikubaaqudgha

Shops:
D:1 *

Annotations:
D:4 Grinder


Innate Abilities, Weirdness & Mutations

You are immune to sickness and miasma.
Your stone body is resilient. (AC +4)
You are immune to poison.
You resist negative energy. (rN+)
You are resistant to electric shocks. (rElec)
You are resistant to unholy torment.
You are immune to petrification.


Message History

The scorpion stings you but does no damage.
The adder bites you but does no damage.
Unknown command.
You miss the adder.
The adder is heavily wounded.
You barely miss Grinder. You hit the scorpion. You freeze the scorpion.
The scorpion barely misses you. The adder barely misses you. Grinder hits you.
You writhe in agony.
The scorpion barely misses you. The adder bites you.
* * * LOW HITPOINT WARNING * * *
Unknown command.
You closely miss the scorpion.
The scorpion is almost dead.
You barely miss Grinder. You closely miss the adder.
Grinder says, "I used to sell toenails on the black market."
Grinder barely misses you. You block the adder's attack.
The scorpion stings you.
* * * LOW HITPOINT WARNING * * *
Grinder hits you.
* * * LOW HITPOINT WARNING * * *
Unknown command.
You hit the scorpion. You freeze the scorpion.
You kill the scorpion!
You miss the adder. You hit Grinder but do no damage. The adder bites you.
* * * LOW HITPOINT WARNING * * *
You block the adder's attack. Grinder hits you.
* * * LOW HITPOINT WARNING * * *
You writhe in agony.
* * * LOW HITPOINT WARNING * * *
The adder attacks as you move away! The adder bites you but does no damage.
Grinder hits you but does no damage.
You see here a scorpion corpse.
Unknown command.
You feel better. The adder barely misses you.
Grinder says, "Tell me all your secrets, or I'll kill you."
Grinder hits you.
* * * LOW HITPOINT WARNING * * *
You writhe in agony.
* * * LOW HITPOINT WARNING * * *
The adder bites you.
You die...

#.....................
........###............
#....^...##.........##.
..........##.......##...#
.###...............#.....
....................#
................#
....$...5.!..#....
#.....S@)........
#......†)......#.
#............#..#
...#.....###.#### ..
##..#.# .# . #....# ..
..#### .. ...


You could see Grinder and an adder.

Vanquished Creatures
  A water moccasin (D:5)
  5 scorpions
  A howler monkey (D:4)
  2 hounds
  2 jellies (D:4)
  2 adders
  An ufetubus (D:4)
  2 worms (D:2)
  3 dart slugs
  3 orcs
  3 bats
  3 endoplasms (D:1)
  2 goblins
  7 hobgoblins
  12 jackals
  3 quokkas
  6 ball pythons
  2 frilled lizards (D:1)
  3 kobolds
  3 rats
66 creatures vanquished.

Notes
Turn   | Place    | Note
-------+----------+-------------------------------------------
     0 | D:1      | bande the Gargoyle Fighter began the quest for the Orb.
     0 | D:1      | Reached XP level 1. HP: 14/14 MP: 1/1
   139 | D:1      | Reached XP level 2. HP: 18/19 MP: 2/2
   557 | D:1      | Reached XP level 3. HP: 20/23 MP: 3/3
   567 | D:1      | Found Dagyol's General Store.
  2164 | D:3      | Reached XP level 4. HP: 26/28 MP: 4/4
  2189 | D:3      | You fall into a shaft and drop 2 floors!
  2189 | D:5      | Entered Level 5 of the Dungeon
  2196 | D:5      | Noticed a scorpion
  2206 | D:5      | Killed a scorpion
  2207 | D:5      | Reached XP level 5. HP: 28/33 MP: 5/5
  2236 | D:5      | Noticed a water moccasin
  2258 | D:5      | Killed a water moccasin
  2259 | D:5      | Reached XP level 6. HP: 19/38 MP: 6/6
  2505 | D:5      | Identified the +3 leather armour of Disguise {Dex+2}
  2512 | D:5      | Found an ancient bone altar of Kikubaaqudgha.
  2573 | D:5      | Reached skill level 5 in Armour
  2764 | D:5      | Reached XP level 7. HP: 20/44 MP: 7/7
  3115 | D:4      | Noticed Grinder
  3120 | D:4      | Reached skill level 5 in Axes
  3121 | D:4      | Paralysed by Grinder for 5 turns
  3136 | D:4      | HP: 2/44 [Grinder (1)]
  3138 | D:4      | Slain by an adder

Illustrated notes

Levels and vault maps discovered:
D:1:      elethiomel_arrival_fortress_basement, layout_loops_ring, serial_shops,
          nicolae_square_shop, minmay_misc_feat_doors
D:2:      layout_basic, serial_aquarium, aquarium_bridge_straight
          [aquarium_subvault_bridge, aquarium_subvault_wall,
          aquarium_subvault_bridge, aquarium_subvault_wall], aquarium_window_1,
          aquarium_window_1, aquarium_window_corridor_2, aquarium_window_corner,
          aquarium_view_2g, aquarium_balcony_3b
D:3:      layout_loops_ring, mainiacjoe_overflow_tiny_flanked,
          hellmonk_ecumenical_altar_zigzags, minmay_fountain_box,
          kennysheep_decorative_pillar
D:4:      layout_cave_pools, doesnt_xom_only_xom, mainiacjoe_overflow_alcove_2,
          grunt_ministairs_9, uniq_grinder
D:5:      layout_loops_ring, kennysheep_mini, hex_medium, st_stairs_8

Skill      XL: |  1  2  3  4  5  6  7 |
---------------+----------------------+-----
Axes           | 2 3 4 5 |  5.2
Armour         | 4 5 |  5.5
Fighting       | 4 |  4.7
Shields        | 4 |  4.5
Stealth        | |  0.1

Action                   |  1- 3 |  4- 6 |  7- 9 || total
-------------------------+-------+-------+-------++-------
Melee: War axe           |   126 |    66 |    52 ||   244
  Use: Scroll            |     3 |     5 |       ||     8
       Potion            |       |       |     1 ||     1
Armor: Scale mail        |    88 |    41 |    65 ||   194
Dodge: Dodged            |    84 |    31 |    46 ||   161
Block: Buckler           |    26 |    21 |    18 ||    65

Table legend: (Time is in decaauts)
 A = Elapsed time spent in this place.
 B = Non-inter-level travel time spent in this place.
 C = Inter-level travel time spent in this place.
 D = Time resting spent in this place.
 E = Time spent auto-exploring this place.
 F = Levels seen in this place.
 G = Mean time per level.
                   A        B        C        D        E       F      G
               +--------+--------+--------+--------+--------+-----+--------+
         Total |   3233 |   3046 |    187 |    356 |   2135 |   5 |  646.6 |
       Dungeon |   3233 |   3046 |    187 |    356 |   2135 |   5 |  646.6 |
               +--------+--------+--------+--------+--------+-----+--------+

Top non-repeatable levels by time:
     D:2: 1351 daAuts
     D:1: 847 daAuts
     D:5: 776 daAuts
     D:4: 212 daAuts
     D:3: 45 daAuts
